 Dungeon Crawl Stone Soup version 0.30-a0-1018-g25214051b3 (webtiles) character file.

Game seed: 9570491277378543130

185 cheesebisquit the Grave Robber (level 5, -1/46 HPs)
             Began as a Ghoul Necromancer on Apr 7, 2023.
             Splashed by a jelly's acid (7 damage)
             ... on level 4 of the Dungeon.
             The game lasted 00:15:21 (4471 turns).

cheesebisquit the Grave Robber (Ghoul Necromancer)  Turns: 4471, Time: 00:15:22

Health: -1/46      AC: -5    Str: 12    XL:     5   Next: 64%
Magic:  1/6        EV: 12    Int: 12    God:
Gold:   149        SH:  0    Dex:  9    Spells: 3/7 levels left

rFire   + + .      SeeInvis .      - Unarmed
rCold   + + .      Faith    .    (no shield)
rNeg    + + +      Spirit   .    i - +0 robe {rC+ rF+}
rPois   ∞          Reflect  .    (no helmet)
rElec   .          Rampage  .    w - scarf {+Inv}
rCorr   .                        b - +0 pair of gloves
Will    .....                    (no boots)
Stlth   ++                       s - amulet of regeneration
HPRegen 0.00/turn                e - +4 ring of protection
MPRegen 0.10/turn                t - ring of protection from fire

@: corroded, inhibited regen
A: claws 1, cold resistance 1, negative energy resistance 3, inhibited
regeneration, torment resistance 2, devour on kill
a: Evoke Invisibility


You were on level 4 of the Dungeon.
You visited 1 branch of the dungeon, and saw 4 of its levels.

You collected 149 gold pieces.

Inventory:

Missiles
 o - 9 poisoned darts
Armour
 b - a +0 pair of gloves (worn)
 i - a +0 robe of resistance (worn)
 k - a +0 leather armour
 w - a scarf of invisibility (worn)
Jewellery
 e - a +4 ring of protection (left hand)
 s - an amulet of regeneration (around neck)
 t - a ring of protection from fire (right hand)
Scrolls
 a - 2 scrolls of teleportation {unknown}
 d - 4 scrolls of identify {unknown}
 f - a scroll of enchant weapon {unknown}
 h - a scroll of blinking {unknown}
 m - 2 scrolls of magic mapping {unknown}
 n - 2 scrolls of immolation {unknown}
 q - a scroll of fear {unknown}
 u - a scroll of enchant armour {unknown}
 v - 2 scrolls of brand weapon {unknown}
Potions
 g - 2 potions of lignification {unknown}
 j - a potion of haste {unknown}
 l - a potion of berserk rage {unknown}
 p - a potion of curing {unknown}
 r - a potion of might {unknown}


   Skills:
 + Level 3.9 Fighting
 - Level 1.7 Dodging
 - Level 2.1 Stealth
 + Level 3.9 Unarmed Combat
 - Level 1.7 Spellcasting
 - Level 4.0 Necromancy


You had 3 spell levels left.
You knew the following spells:

 Your Spells              Type           Power      Damage    Failure   Level
a - Necrotise             Necr           40%        1d6       5%          1
b - Vampiric Draining     Necr           10%        2d6       16%         3

Your spell library contained the following spells:

 Spells                   Type           Power      Damage    Failure   Level
 Animate Dead             Necr           10%        N/A       47%         4
 Agony                    Necr           10%        N/A       83%         5
 Passage of Golubria      Tloc           1%         N/A       95%         4
 Silence                  Hex/Air        0%         N/A       100%        5
 Lehudib's Crystal Spear  Conj/Erth      0%         10d2      100%        8


Dungeon Overview and Level Annotations

Branches:
Dungeon (4/15)
 Temple: D:4-7

Altars:
Cheibriados

Annotations:
D:3 2 transporters, BlueFish's ghost, weakling OpWr
D:4 Grinder


Innate Abilities, Weirdness & Mutations

You are immune to poison.
You have sharp fingernails.
Your flesh is cold resistant. (rC+)
You are immune to negative energy. (rN+++)
You do not regenerate when monsters are visible.
You are immune to unholy pain and torment.
You thrive by killing the living.


Message History

The jelly writhes in agony.
You miscast Necrotise.
You are very lightly contaminated with residual magic.
Nothing appears to happen.
The jelly struggles to resist.
The jelly struggles to resist.
The jelly closely misses you.
The jelly struggles to resist.
The jelly hits you but does no damage.
The jelly struggles to resist.
The jelly hits you but does no damage.
You punch the jelly!
Your hands burn!
The jelly is heavily wounded.
The jelly hits you but does no damage.
You hit the jelly.
Your hands burn!
The jelly is heavily wounded.
The jelly hits you. The acid corrodes you!
You are splashed with acid!
Your magical contamination has completely faded away.
You hit the jelly but do no damage. The acid corrodes you!
Your hands burn!
The jelly is heavily wounded.
The jelly closely misses you.
You hit the jelly but do no damage.
Your hands burn!
The jelly is heavily wounded.
The jelly hits you.
You are splashed with acid!
You feel much better. The jelly closely misses you.
You hit the jelly.
Your hands burn!
The jelly is severely wounded.
The jelly barely misses you.
You hit the jelly but do no damage.
Your hands burn!
Your punch misses the jelly.
The jelly is severely wounded.
The jelly hits you.
You are splashed with acid.
You hit the jelly but do no damage.
Your hands burn!
The jelly is severely wounded.
The jelly hits you. The acid corrodes you!
You are splashed with acid!
* * * LOW HITPOINT WARNING * * *
You hit the jelly but do no damage.
Your hands burn!
* * * LOW HITPOINT WARNING * * *
The jelly is severely wounded.
The jelly hits you.
* * * LOW HITPOINT WARNING * * *
The acid corrodes you!
You are splashed with acid!
You die...

#. ### ##.####
#... .....#
.... .
....#..#....
...#....^#
####....# .#
##.##..###..#
#..........#
##..###@##.#
#..###..J.$.#
#....####......
### ##..##
#....# #...
#...# .####
#...###..## .
#..##..<#.### .
#..........# .#
##............#


You could see a jelly.

Vanquished Creatures
  A sleepcap (D:3)
  4 gnolls
  2 adders (D:2)
  A worm (D:3)
  2 dart slugs
  4 orcs (D:3)
  8 bats
  7 endoplasms
  7 giant cockroaches
  10 goblins
  6 hobgoblins
  8 jackals
  6 kobolds
  4 quokkas
  8 ball pythons
  2 frilled lizards
  5 rats
85 creatures vanquished.

Vanquished Creatures (others)
  A fungus (D:2)
  A withered plant (D:2)
2 creatures vanquished.

Grand Total: 87 creatures vanquished

Notes
Turn   | Place    | Note
-------+----------+-------------------------------------------
     0 | D:1      | cheesebisquit the Ghoul Necromancer began the quest for the
                  | Orb.
     0 | D:1      | Reached XP level 1. HP: 14/14 MP: 2/2
   123 | D:1      | Reached skill level 1 in Fighting
   123 | D:1      | Reached skill level 1 in Unarmed Combat
   123 | D:1      | Reached XP level 2. HP: 23/23 MP: 1/3
   522 | D:1      | Reached XP level 3. HP: 25/29 MP: 0/4
  1260 | D:2      | Found a snail-covered altar of Cheibriados.
  1267 | D:2      | Learned a level 3 spell: Vampiric Draining
  1513 | D:2      | Reached XP level 4. HP: 37/37 MP: 1/5
  1745 | D:2      | Found a faded altar of an unknown god.
  2169 | D:3      | You fall into a shaft and drop 1 floor!
  2726 | D:3      | Noticed a phantom
  2726 | D:3      | Noticed BlueFish's ghost (weakling OpWr)
  2730 | D:3      | Found a transporter.
  2730 | D:3      | Found a transporter.
  2825 | D:2      | Reached XP level 5. HP: 39/45 MP: 1/6
  2984 | D:2      | Found a snail-covered altar of Cheibriados.
  3008 | D:2      | Found a faded altar of an unknown god.
  4392 | D:4      | Noticed an ogre
  4408 | D:4      | Noticed Grinder
  4471 | D:4      | Splashed by a jelly's acid

Illustrated notes

Levels and vault maps discovered:
D:1:      heliophobic_arrival_enchanted_forest, layout_basic
D:2:      layout_loops_cross, shapermc_ecumenical_altar_gd, basic_altar
D:3:      layout_rooms, gammafunk_ghost_arena
D:4:      layout_cave_pools, uniq_grinder

Skill      XL: |  1  2  3  4 |
---------------+-------------+-----
Fighting       | 1 2 3 |  3.9
Unarmed Combat | 1 2 3 |  3.9
Dodging        | |  1.7
Stealth        | |  2.1
Spellcasting   | |  1.7
Necromancy     | |  4.0

Action                     |  1- 3 |  4- 6 || total
---------------------------+-------+-------++-------
  Melee: Unarmed           |    37 |    78 ||   115
         Punch             |       |     1 ||     1
  Throw: Dart              |       |     2 ||     2
   Cast: Necrotise         |    57 |   102 ||   159
    Use: Potion            |       |     4 ||     4
 Armour: Robe              |    12 |    35 ||    47
  Dodge: Dodged            |    32 |    47 ||    79

Table legend: (Time is in decaauts)
 A = Elapsed time spent in this place.
 B = Non-inter-level travel time spent in this place.
 C = Inter-level travel time spent in this place.
 D = Time resting spent in this place.
 E = Time spent auto-exploring this place.
 F = Levels seen in this place.
 G = Mean time per level.
                   A        B        C        D        E       F      G
               +--------+--------+--------+--------+--------+-----+--------+
         Total |   4467 |   4163 |    304 |    224 |   3282 |   4 | 1116.8 |
       Dungeon |   4467 |   4163 |    304 |    224 |   3282 |   4 | 1116.8 |
               +--------+--------+--------+--------+--------+-----+--------+

Top non-repeatable levels by time:
     D:2: 1606 daAuts
     D:1: 1329 daAuts
     D:3: 1197 daAuts
     D:4: 333 daAuts
